 Dungeon Crawl Stone Soup version 0.31.0-9-g3a7656b989 (webtiles) character file.

Game seed: 811416864777170333

1376 Marvel the Cleaver (level 8, 0/71 HPs)
             Began as a Hill Orc Fighter on Feb 3, 2024.
             Slain by an iguana (8 damage)
             ... on level 6 of the Dungeon.
             The game lasted 00:04:33 (4472 turns).

Marvel the Cleaver (Hill Orc Fighter)               Turns: 4472, Time: 00:04:34

Health: 0/71       AC: 10    Str: 21    XL:     8   Next: 66%
Magic:  8/8        EV:  9    Int:  8    God:
Gold:   346        SH:  4    Dex: 10    Spells: 7/7 levels left

rFire   . . .        a - +0 war axe
rCold   . . .        c - +0 buckler
rNeg    . . .        b - +0 scale mail
rPois   .            t - +0 helmet
rElec   .            u - +0 cloak
rCorr   .            (no gloves)
SInv    .            (no boots)
Will    ++...        (no amulet) Stlth
                     F - ring of willpower
HPRegen 0.31/turn    G - ring of willpower
MPRegen 0.11/turn

%: no passive effects
@: brilliant
A: no striking features
a: no special abilities


You were on level 6 of the Dungeon.
You visited 1 branch of the dungeon, and saw 6 of its levels.

You collected 346 gold pieces.

Inventory:

Hand Weapons
 a - a +0 war axe (weapon)
 C - the +2 whip "Totyroog" {flame, rN+}
   (You found it on level 5 of the Dungeon)

   rN+:       It protects you from negative energy.
Missiles
 n - 3 boomerangs (quivered)
 o - 9 poisoned darts
Armour
 b - a +0 scale mail (worn)
 c - a +0 buckler (worn)
 t - a +0 helmet (worn)
 u - a +0 cloak (worn)
Jewellery
 F - a ring of willpower (left hand)
 G - a ring of willpower (right hand)
Talismans
 y - a blade talisman
 z - a flux talisman
Wands
 x - a wand of flame (15)
Scrolls
 f - a scroll of torment {unknown}
 g - 2 scrolls of enchant weapon {unknown}
 h - 3 scrolls of revelation {unknown}
 i - a scroll of enchant armour {unknown}
 j - a scroll of silence {unknown}
 k - 4 scrolls of identify {unknown}
 l - 2 scrolls of teleportation {unknown}
 r - 2 scrolls of immolation {unknown}
 s - a scroll of butterflies {unknown}
 w - a scroll of noise {unknown}
 A - 3 scrolls of poison {unknown}
 B - a scroll of amnesia {unknown}
 D - a scroll of fear {unknown}
Potions
 d - 5 potions of might
 e - a potion of brilliance
 m - 2 potions of heal wounds {unknown}
 p - 3 potions of magic {unknown}
 q - 3 potions of curing
 v - a potion of cancellation {unknown}
 E - 2 potions of lignification {unknown}


   Skills:
 + Level 6.5 Fighting
 + Level 10.1 Axes
 + Level 0.5 Throwing
 + Level 6.8 Armour
 - Level 3.2 Shields


You had 7 spell levels left.
You didn't know any spells.
Your spell library contained the following spells:

 Spells                   Type           Power      Damage    Failure   Level
 Cigotuvi's Dreadful Rot  Necr/Alch/Air  0%         N/A       90%         2
 Lesser Beckoning         Tloc           0%         N/A       90%         2
 Gell's Gravitas          Tloc           0%         N/A       99%         3
 Inner Flame              Hex/Fire       0%         N/A       99%         3
 Teleport Other           Tloc           0%         N/A       99%         3
 Dispel Undead            Necr           0%         3d6       100%        4
 Martyr's Knell           Necr/Summ      0%         N/A       100%        4
 Irradiate                Conj/Alch      0%         3d11      100%        5
 Death Channel            Necr           0%         N/A       100%        6
 Ignition                 Fire           0%         3d3       100%        8


Dungeon Overview and Level Annotations

Branches:
Dungeon (6/15)             Temple (0/1) D:6

Altars:
Gozag
Hepliaklqana
Nemelex Xobeh
Vehumet

Shops:
D:5 :


Message History

The throwing net hits you.
You become entangled in the net!
You struggle against the net.
The steam dragon barely misses you. The steam dragon claws you.
An iguana comes into view.
You struggle against the net.
The steam dragon bites you but does no damage.
The steam dragon claws you.
You struggle against the net.
The steam dragon breathes steam at you. The ball of steam hits you!
* * * LOW HITPOINT WARNING * * *
You hear a shout!
You struggle against the net.
You are engulfed in a cloud of scalding steam.
* * * LOW HITPOINT WARNING * * *
The steam dragon bites you but does no damage.
The steam dragon barely misses you.
You rip the net and break free!
You are engulfed in a cloud of scalding steam.
* * * LOW HITPOINT WARNING * * *
The gnoll bouda barks out a call to the hunt!
The gnoll picks up the pace!
The steam dragon bites you but does no damage.
The steam dragon closely misses you.
An orc comes into view. It is wielding a +0 club.
You hear a shout!
You slash the steam dragon!
You kill the steam dragon!
A gnoll comes into view. It is wielding a +0 club.
The gnoll bouda barks out a call to the hunt!
Your Axes skill increases to level 10!
You hit the gnoll but do no damage.
A gnoll comes into view. It is wielding a +0 whip.
The gnoll hits you with a +0 whip.
* * * LOW HITPOINT WARNING * * *
The gnoll moves out of view.
It was a potion of brilliance.
You feel clever all of a sudden. The gnoll hits you but does no damage.
The iguana bites you!
You die...

...#...<..#....#
#.#.......#....
.#......#...##
######...#..###..#
#........#...##..#
####...........##...#
#........#...#.....##
#.............##...##
#...@...#.#...###...#
#...#lg.###.#...###..##
##.)..###...##...#...#.
#..#g^ .....#.......#.
......g##..>..##........
#...#.o.#........#......
#..##...##...###........
#.<. #..o
#.###.......>.. ##.
#.... .......<..


You could see a gnoll bouda, an iguana, 2 gnolls and an orc.

Vanquished Creatures
  Grinder (D:3)
  Sigmund (D:3)
  A steam dragon (D:6)
  A black bear (D:4)
  2 phantoms
  A scorpion (D:5)
  A howler monkey (D:5)
  4 jellies
  3 hounds
  A bombardier beetle (D:5)
  Crazy Yiuf (D:3)
  An orc priest (D:5)
  Terence (D:3)
  An iguana (D:5)
  An orc wizard (D:4)
  6 adders
  3 gnolls (D:5)
  A shadow imp (D:5)
  4 ribbon worms
  2 dart slugs
  6 orcs
  5 bats
  5 endoplasms
  3 giant cockroaches
  9 goblins
  6 hobgoblins
  4 jackals
  3 quokkas
  4 ball pythons
  3 frilled lizards
  2 kobolds (D:4)
  5 rats
92 creatures vanquished.

Notes
Turn   | Place    | Note
-------+----------+-------------------------------------------
     0 | D:1      | Marvel the Hill Orc Fighter began the quest for the Orb.
     0 | D:1      | Reached XP level 1. HP: 19/19 MP: 1/1
    79 | D:1      | Reached XP level 2. HP: 27/27 MP: 2/2
   244 | D:1      | Reached skill level 3 in Axes
   920 | D:2      | Reached XP level 3. HP: 26/33 MP: 3/3
  1754 | D:3      | Reached skill level 4 in Axes
  1754 | D:3      | Reached XP level 4. HP: 36/41 MP: 4/4
  1794 | D:3      | Noticed Terence
  1803 | D:3      | Killed Terence
  1804 | D:3      | Reached XP level 5. HP: 23/47 MP: 5/5
  1896 | D:3      | Found a hazy altar of Hepliaklqana.
  2039 | D:3      | Noticed Grinder
  2049 | D:3      | Killed Grinder
  2050 | D:3      | Reached skill level 6 in Axes
  2050 | D:3      | Reached XP level 6. HP: 44/55 MP: 6/6
  2187 | D:3      | Reached skill level 5 in Armour
  2211 | D:3      | Noticed Sigmund
  2233 | D:3      | Reached skill level 5 in Fighting
  2235 | D:3      | Killed Sigmund
  2236 | D:3      | Reached skill level 7 in Axes
  2236 | D:3      | Reached XP level 7. HP: 7/61 MP: 7/7
  2438 | D:3      | Found a sparkling altar of Nemelex Xobeh.
  2554 | D:3      | Found a runed translucent door.
  2555 | D:3      | Noticed Crazy Yiuf
  2635 | D:3      | Killed Crazy Yiuf
  2882 | D:4      | Reached skill level 8 in Axes
  2978 | D:4      | Found a radiant altar of Vehumet.
  3009 | D:4      | Reached XP level 8. HP: 69/70 MP: 8/8
  3091 | D:4      | Found an opulent altar of Gozag.
  3321 | D:5      | Entered Level 5 of the Dungeon
  3321 | D:5      | Found Emisk's Book Shop.
  3537 | D:5      | Identified the +2 whip "Totyroog" {flame, rN+}
  3607 | D:5      | Reached skill level 9 in Axes
  4447 | D:6      | Found a staircase to the Ecumenical Temple.
  4470 | D:6      | Reached skill level 10 in Axes
  4472 | D:6      | Slain by an iguana

Illustrated notes

Levels and vault maps discovered:
D:1:      minmay_arrival_solitary_statue, layout_basic, minmay_tetromino_i2
D:2:      layout_basic, minmay_liquid_box, minmay_unequal
D:3:      layout_rooms, mainiacjoe_overflow_surrounded_room,
          nicolae_overflow_hidden_temple, uniq_terence, uniq_sigmund,
          uniq_crazy_yiuf_cottage, uniq_grinder
D:4:      layout_rooms, lemuel_round_altar, nicolae_vehumet_altar_sigil,
          hangedman_decor_growths
D:5:      layout_loops_corners, serial_shops, nicolae_shop_peninsula
D:6:      layout_cave_pools, zin_statuary, minitemple,
          minmay_temple_entry_slanted, gammafunk_ghost_necromancy,
          serial_co_window_serial, co_window_of_opportunity_a,
          co_window_of_opportunity_a, co_window_corner_a,
          co_window_of_opportunity_a, co_window_paths_a, co_window_corner_a,
          co_window_corner_ca, co_window_paths_c, co_window_unsneaky_path_a,
          co_window_cross_3, co_window_broadway_a, co_window_corner_b,
          co_window_paths_d, glass_columns_b, glass_columns_a,
          chequers_serial_rivers_micro_e

Skill      XL: |  1  2  3  4  5  6  7  8 |
---------------+-------------------------+-----
Fighting       | 4 5 6 |  6.5
Axes           | 3 4 6 7 8 10 | 10.1
Armour         | 4 5 6 |  6.8
Throwing       | |  0.5
Shields        | |  3.2

Action                     |  1- 3 |  4- 6 |  7- 9 || total
---------------------------+-------+-------+-------++-------
  Melee: War axe           |    98 |    75 |   138 ||   311
  Throw: Boomerang         |     3 |       |       ||     3
    Use: Potion            |       |     1 |     1 ||     2
 Armour: Scale mail        |    70 |    56 |   108 ||   234
  Dodge: Dodged            |    37 |    32 |    57 ||   126
  Block: Buckler           |    28 |    17 |    25 ||    70
